 Dungeon Crawl Stone Soup version 0.22.1-2-g9c5b331 (webtiles) character file.

350 Fang the Skirmisher (level 6, 0/39 HPs)
             Began as a Gargoyle Berserker on Nov 13, 2018.
             Was a Believer of Trog.
             Slain by an adder (2 damage)
             ... on level 3 of the Dungeon.
             The game lasted 00:03:35 (2174 turns).

Fang the Skirmisher (Gargoyle Berserker)            Turns: 2174, Time: 00:03:36

Health: 0/39       AC: 15    Str: 23    XL:     6   Next: 61%
Magic:  6/6        EV:  7    Int:  7    God:    Trog [**....]
Gold:   38         SH:  0    Dex:  9    Spells: 5/5 levels left

rFire    + . .     SeeInvis .   a - +0 hand axe
rCold    . . .     Gourm    .   (no shield)
rNeg     + . .     Faith    .   s - +0 plate armour
rPois    ∞         Spirit   .   (no helmet)
rElec    +         Reflect  .   (no cloak)
rCorr    .         Harm     .   (no gloves)
MR       .....                  (no boots)
Stlth    ..........             (no amulet)
HPRegen  0.13/turn              m - ring of flight
MPRegen  0.10/turn              b - ring of protection from fire

@: berserk cooldown
A: negative energy resistance 1, electricity resistance, unbreathing,
petrification resistance, rot immunity, AC +4
a: Berserk, Trog's Hand, Renounce Religion, Evoke Flight


You were on level 3 of the Dungeon.
You worshipped Trog.
Trog was pleased with you.
You were hungry.

You visited 1 branch of the dungeon, and saw 3 of its levels.

You collected 38 gold pieces.

Inventory:

Hand Weapons
 a - a +0 hand axe (weapon)
Armour
 s - a +0 plate armour (worn)
Jewellery
 b - a ring of protection from fire (right hand)
 m - a ring of flight (left hand)
Scrolls
 e - 3 scrolls of enchant armour {unknown}
 f - 2 scrolls of enchant weapon {unknown}
 g - 2 scrolls of remove curse {unknown}
 h - a scroll of random uselessness {unknown}
 i - a scroll of teleportation {unknown}
 j - a scroll of fog {unknown}
 l - a scroll of noise {unknown}
 o - a scroll of identify {unknown}
 r - a scroll of blinking {unknown}
Potions
 d - a potion of agility {unknown}
 k - a potion of cancellation
 n - a potion of might
 p - a potion of brilliance {unknown}
Comestibles
 c - 3 rations


   Skills:
 + Level 4.6 Fighting
 + Level 4.5 Axes
 + Level 3.0 Armour
 + Level 3.1 Dodging
 + Level 1.4 Stealth


You had 5 spell levels left.
You didn't know any spells.
Your spell library was empty.

Dungeon Overview and Level Annotations

Branches:
Dungeon (3/15)

Altars:
Makhleb


Innate Abilities, Weirdness & Mutations

You are resistant to torment.
Your stone body is resilient. (AC +4)
You are immune to poison.
You resist negative energy. (rN+)
You are resistant to electric shocks. (rElec)
You can survive without breathing.
You are immune to petrification.
You are immune to rotting.


Message History

The puff of frost hits you! The adder bites you but does no damage.
The orc wizard mumbles some strange words.
The orc wizard flickers and vanishes!
Deactivating autopickup; reactivate with Ctrl-A.
Your plate armour prevents you from hitting something.
You closely miss the adder. The adder completely misses you.
Something hits you but does no damage. The adder bites you.
* * * LOW HITPOINT WARNING * * *
Something completely misses you.
Unknown command.
It was a potion of cancellation.
Your magical effects are unravelling.
You feel magically purged.
You feel yourself speed up.
The adder bites you but does no damage. x2
You hear some strange, mumbled words.
A magic dart appears from out of thin air!
The magic dart hits you!
You closely miss something. You closely miss the adder. The adder bites you.
You die...

... .# #.# .# ##
##..##### .# ###.
........# ##.# ##...
........####..#####.....
.......).....###....#...
........####[....####...
....?.)†................
......[@##........).....
......S{###....#####....
.............(.....)#...
........###...#####.....
........# #.>.# ######
####...## ##..# #...
.... .... ###.


You could see an adder.

Vanquished Creatures
  Sigmund (D:2)
  An orc priest (D:3)
  Terence (D:2)
  Natasha (twice) (D:3)
  2 adders
  A worm (D:3)
  2 leopard geckos
  8 orcs (D:3)
  7 bats
  4 giant cockroaches
  6 goblins
  7 hobgoblins
  5 jackals (D:1)
  A ball python (D:1)
  2 frilled lizards (D:2)
  6 kobolds
  5 rats
61 creatures vanquished.

Notes
Turn   | Place    | Note
-------+----------+-------------------------------------------
     0 | D:1      | Fang the Gargoyle Berserker began the quest for the Orb.
     0 | D:1      | Reached XP level 1. HP: 14/14 MP: 1/1
   225 | D:1      | Reached XP level 2. HP: 15/19 MP: 2/2
   690 | D:1      | Reached XP level 3. HP: 24/24 MP: 3/3
   773 | D:1      | Reached ** piety under Trog
  1099 | D:2      | Found a faded altar of an unknown god.
  1208 | D:2      | Noticed Natasha
  1264 | D:2      | Found a burning altar of Makhleb.
  1288 | D:2      | Noticed Terence
  1295 | D:2      | Killed Terence
  1295 | D:2      | Reached XP level 4. HP: 22/29 MP: 4/4
  1862 | D:2      | Noticed Sigmund
  1874 | D:2      | Killed Sigmund
  1874 | D:2      | Reached XP level 5. HP: 34/34 MP: 5/5
  1874 | D:2      | Reached XP level 6. HP: 39/39 MP: 6/6
  2050 | D:3      | Reached skill level 1 in Stealth
  2058 | D:3      | Killed Natasha
  2152 | D:3      | Noticed Natasha
  2162 | D:3      | Killed Natasha
  2174 | D:3      | Slain by an adder

Skill      XL: |  1  2  3  4  5  6 |
---------------+-------------------+-----
Axes           | 3 4 |  4.5
Fighting       | 4 |  4.6
Dodging        | 2 3 |  3.1
Stealth        | 1 |  1.4
Armour         | 3 |  3.0

Action                   |  1- 3 |  4- 6 || total
-------------------------+-------+-------++-------
Melee: Hand axe          |   127 |    69 ||   196
Invok: Berserk           |     1 |     3 ||     4
  Use: Potion            |       |     1 ||     1
  Eat: Chunk             |     1 |     6 ||     7
Armor: Animal skin       |    51 |       ||    51
       Scale mail        |       |    21 ||    21
       Plate armour      |       |    39 ||    39
Dodge: Dodged            |   132 |    54 ||   186
